 Dungeon Crawl Stone Soup version 0.19-a0-1889-g9c603be (webtiles) character file.

4721 LORDOFBUTT the Basher (level 10, 0/79 HPs)
             Began as a Formicid Fighter on Oct 17, 2016.
             Was a High Priest of Okawaru.
             Slain by a catoblepas (13 damage)
             ... on level 9 of the Dungeon.
             The game lasted 00:08:52 (6986 turns).

LORDOFBUTT the Basher (Formicid Fighter)            Turns: 6986, Time: 00:08:53

Health: 0/79       AC: 18    Str: 23    XL:     10   Next: 73%
Magic:  9/11       EV:  8    Int:  7    God:    Okawaru [*****.]
Gold:   374        SH:  0    Dex: 14    Spells: 0 memorised, 9 levels left

rFire  + . .     SeeInvis +     g - +2 mace (protect)
rCold  . . .     Gourm    .     b - +2 scale mail
rNeg   . . .     Faith    .     c - +0 shield
rPois  .         Spirit   .     (helmet unavailable)
rElec  .         Reflect  .     (no cloak)
rCorr  .         Harm     +     (no gloves)
MR     +....                    (no boots)
Stlth  ++........               d - amulet of harm
                                v - ring of protection from cold
                                s - ring of fire

@: heroism, petrifying, protection aura, very slow
A: permanent stasis, dig shafts and tunnels, four strong arms, antennae 3, agile
1, high mp 1, mutation resistance 1
a: Dig, Shaft Self, Heroism, Finesse, Renounce Religion


You were on level 9 of the Dungeon.
You worshipped Okawaru.
Okawaru was extremely pleased with you.
You were not hungry.

You visited 2 branches of the dungeon, and saw 10 of its levels.

You collected 374 gold pieces.

Inventory:

Hand Weapons
 g - a +2 mace of protection (weapon)
Armour
 b - a +2 scale mail (worn)
 c - a +0 shield (worn)
Jewellery
 d - an amulet of harm (around neck)
 h - a +2 ring of dexterity {unknown}
 q - an uncursed ring of loudness
 r - an uncursed ring of wizardry
 s - a ring of fire (left hand)
 v - a ring of protection from cold (right hand)
 H - an uncursed ring of wizardry
Wands
 F - a wand of polymorph (16/24)
 G - a wand of random effects (33/48)
 K - a wand of random effects (15/48)
Scrolls
 i - a scroll of noise {unknown}
 k - 5 scrolls of remove curse
 o - 3 scrolls of teleportation {unknown}
 p - a scroll of immolation {unknown}
 t - a scroll of blinking {unknown}
 z - 8 scrolls of identify
 A - 4 scrolls of recharging {unknown}
 B - 3 scrolls of fear {unknown}
 D - a scroll of acquirement {unknown}
 E - a scroll of amnesia {unknown}
 M - a scroll of vulnerability {unknown}
Potions
 a - a potion of berserk rage {unknown}
 e - a potion of mutation
 j - 2 potions of haste {unknown}
 m - 6 potions of curing
 n - a potion of degeneration {unknown}
 u - 3 potions of flight {unknown}
 C - 2 potions of lignification {unknown}
 L - a potion of brilliance {unknown}
Books
 y - a book of Maledictions

   Spells                             Type                      Level
   a - Corona                         Hexes                        1
   b - Ensorcelled Hibernation        Hexes/Ice                    2
   c - Confuse                        Hexes                        3
   d - Tukima's Dance                 Hexes                        3
   e - Dazzling Spray                 Conjuration/Hexes            3
 I - a book of Minor Magic

   Spells                             Type                      Level
   a - Magic Dart                     Conjuration                  1
   b - Blink                          Translocation                2
   c - Call Imp                       Summoning                    2
   d - Repel Missiles                 Charms/Air                   2
   e - Slow                           Hexes                        2
   f - Conjure Flame                  Conjuration/Fire             3
   g - Mephitic Cloud                 Conjuration/Poison/Air       3
 J - a book of Geomancy

   Spells                             Type                      Level
   a - Sandblast                      Earth                        1
   b - Passwall                       Transmutation/Earth          2
   c - Stone Arrow                    Conjuration/Earth            3
   d - Petrify                        Transmutation/Earth          4
   e - Lee's Rapid Deconstruction     Earth                        5
Comestibles
 f - 5 bread rations
 l - a meat ration
 x - 2 royal jellies
 N - a beef jerky


   Skills:
 + Level 7.1(12.1) Fighting
 + Level 9.6(14.6) Maces & Flails
 + Level 7.2(12.2) Armour
 + Level 3.6(8.6) Dodging
 + Level 0.6(5.6) Stealth
 + Level 9.4(14.4) Shields


You had 9 spell levels left.
You didn't know any spells.

Dungeon Overview and Level Annotations

Branches:
Dungeon (9/15)             Temple (1/1) D:4
   Lair: D:8-11         Orc: D:9-12

Altars:
Ashenzari
Cheibriados
Dithmenos
Elyvilon
Fedhas
Gozag
Hepliaklqana
Kikubaaqudgha
Makhleb
Nemelex Xobeh
Okawaru
Qazlal
Ru
Sif Muna
Trog
Uskayaw
Vehumet
Xom
Yredelemnul
Zin
The Shining One

Shops:
D:8 [


Innate Abilities, Weirdness & Mutations

You are under a permanent stasis effect.
You can dig through walls and to a lower floor.
Your four strong arms can wield two-handed weapons with a shield.
You have a pair of large antennae on your head. (SInv)
You are agile. (Dex +2)
You have an increased reservoir of magic. (+10% MP)
You are somewhat resistant to further mutation.


Message History

You are too injured to fight recklessly!
You are too injured to fight recklessly!
You feel better.
The catoblepas gores you but does no damage.
A vampire mosquito comes into view.
You gain the combat prowess of a mighty hero.
The catoblepas barely misses you.
You hit the catoblepas.
The catoblepas is moderately wounded.
The catoblepas breathes a plume of calcifying dust at you.
The blast of calcifying dust hits you!
You hit the catoblepas.
The catoblepas is moderately wounded.
You are engulfed in calcifying dust.
You hit the catoblepas.
The catoblepas is moderately wounded.
You are engulfed in calcifying dust.
You are slowing down.
The catoblepas gores you!
You die...

#.# #)# { ### #(# $.$
#.# { # #.# # #(# {
#.##.##.##.# #.( ###
...Y.§†y...# ### #.# {
#Y# #.# ##@## ## #.# {
#.§.# #. #.# ##§## #.
#.##############'####
#.
#...........##.#.##.#
#.
.......####.##...##.#
... ####)###
#.##.####.# ###. ##.#
#.##.####.############.
#..#
#.##...............)###


You could see a catoblepas and a vampire mosquito.

Vanquished Creatures
  A hill giant (D:8)
  2 two-headed ogres (D:9)
  Prince Ribbit (D:7)
  4 hippogriffs
  A wyvern (D:9)
  A hungry ghost (D:9)
  2 water moccasins
  4 sky beasts
  A black bear (D:9)
  An orc warrior (D:6)
  An ogre (D:8)
  2 centaurs
  3 big kobolds (D:9)
  5 bullfrogs
  3 wights (D:7)
  A howler monkey (D:5)
  A bullfrog zombie (D:9)
  2 hounds (D:9)
  3 orc wizards
  Crazy Yiuf (D:2)
  2 orc priests
  3 iguanas
  Terence (D:2)
  Natasha (twice) (D:2)
  7 worker ants
  A hound skeleton (D:7)
  A worker ant zombie (D:5)
  15 adders
  3 shadow imps
  2 adder zombies
  4 worms
  2 dart slugs
  6 leopard geckos
  20 orcs
  A ball python (D:3)
  6 bats
  2 giant cockroaches
  13 goblins
  9 hobgoblins
  4 jackals (D:5)
  31 kobolds
  6 quokkas
  5 frilled lizards
  2 leopard gecko skeletons
  19 rats
207 creatures vanquished.

Vanquished Creatures (others)
  A vampire mosquito (D:9)
  2 plants (D:2)
3 creatures vanquished.

Grand Total: 210 creatures vanquished

Notes
Turn   | Place    | Note
-------+----------+-------------------------------------------
     0 | D:1      | LORDOFBUTT the Formicid Fighter began the quest for the Orb.
     0 | D:1      | Reached XP level 1. HP: 18/18 MP: 1/1
    64 | D:1      | Reached XP level 2. HP: 16/24 MP: 2/2
   382 | D:1      | Reached XP level 3. HP: 20/30 MP: 3/3
   769 | D:2      | Reached XP level 4. HP: 35/37 MP: 4/4
  1132 | D:2      | Noticed Natasha
  1141 | D:2      | Killed Natasha
  1141 | D:2      | Reached XP level 5. HP: 19/42 MP: 5/5
  1235 | D:2      | Noticed Terence
  1247 | D:2      | Killed Terence
  1247 | D:2      | Reached skill level 1 in Dodging
  1365 | D:2      | Found a runed door.
  1437 | D:2      | Found a shimmering altar of Xom.
  1437 | D:2      | Found a burning altar of Makhleb.
  1657 | D:2      | Noticed Natasha
  1674 | D:2      | Killed Natasha
  1803 | D:2      | Noticed Crazy Yiuf
  1808 | D:2      | Killed Crazy Yiuf
  1808 | D:2      | Reached XP level 6. HP: 39/48 MP: 6/6
  2008 | D:3      | You fall through a shaft!
  2030 | D:4      | Found a staircase to the Ecumenical Temple.
  2062 | Temple   | Entered the Ecumenical Temple
  2173 | Temple   | Became a worshipper of Warmaster Okawaru
  2248 | D:3      | Reached skill level 5 in Shields
  2372 | D:3      | You fall through a shaft for 2 floors!
  2372 | D:5      | Entered Level 5 of the Dungeon
  2615 | D:5      | Noticed a sky beast
  2621 | D:5      | Killed a sky beast
  2621 | D:5      | Reached * piety under Okawaru
  2621 | D:5      | Reached XP level 7. HP: 35/55 MP: 7/7
  2633 | D:5      | Gained mutation: Your magical capacity is low. (-10% MP) [mutagenic meat]
  2636 | D:5      | Gained mutation: You are frail. (-10% HP) [mutagenic meat]
  2636 | D:5      | Lost mutation: Your magical capacity is low. (-10% MP) [potion of cure mutation]
  2636 | D:5      | Lost mutation: You are frail. (-10% HP) [potion of cure mutation]
  2640 | D:5      | Gained mutation: You are agile. (Dex +2) [mutagenic meat]
  2643 | D:5      | Gained mutation: You have an increased reservoir of magic. (+10% MP) [mutagenic meat]
  2646 | D:5      | Gained mutation: You are somewhat resistant to further mutation. [mutagenic meat]
  3715 | D:5      | Found a radiant altar of Vehumet.
  3715 | D:5      | Found an ancient bone altar of Kikubaaqudgha.
  3727 | D:5      | Found a faded altar of an unknown god.
  3729 | D:5      | Found a snail-covered altar of Cheibriados.
  3731 | D:5      | Found a shattered altar of Ashenzari.
  4049 | D:6      | Reached skill level 5 in Fighting
  4186 | D:6      | Reached skill level 5 in Maces & Flails
  4386 | D:6      | Reached XP level 8. HP: 62/62 MP: 8/8
  4418 | D:6      | Reached skill level 5 in Armour
  4898 | D:7      | Reached ** piety under Okawaru
  5014 | D:7      | Noticed Prince Ribbit
  5030 | D:7      | Killed Prince Ribbit
  5144 | D:7      | Reached XP level 9. HP: 50/68 MP: 9/9
  5260 | D:7      | Noticed a hippogriff
  5271 | D:7      | Killed a hippogriff
  5482 | D:7      | Noticed a moth of wrath
  5485 | D:7      | Found a bloodstained altar of Trog.
  5634 | D:8      | Reached *** piety under Okawaru
  5700 | D:8      | Noticed a hill giant
  5713 | D:8      | HP: 2/69 [hill giant/giant club (30)]
  5715 | D:8      | Killed a hill giant
  6135 | D:8      | Found Milyhi Dohi's Armour Boutique.
  6142 | D:8      | Noticed a hippogriff
  6153 | D:8      | Killed a hippogriff
  6185 | D:8      | Reached XP level 10. HP: 77/77 MP: 11/11
  6323 | D:9      | Reached **** piety under Okawaru
  6665 | D:9      | Lost mutation: You are somewhat resistant to further mutation. [mutagenic meat]
  6668 | D:9      | Gained mutation: You are somewhat resistant to further mutation. [mutagenic meat]
  6846 | D:9      | Reached ***** piety under Okawaru
  6967 | D:9      | Noticed a catoblepas
  6986 | D:9      | Slain by a catoblepas

Vault maps used:
D:1:      roderic_crossed_star
D:2:      chequers_temple_overflow_statue_of_worship, corner_web_ring,
          lexackson_kobold_supper, uniq_terence, uniq_crazy_yiuf_cottage,
          uniq_natasha
D:3:      first_bread, minmay_randomly_rotated_circles
D:4:      serial_curves, eino_curves_04, eino_curves_03
D:5:      chequers_temple_overflow_minitemple, kennysheep_generic_room_8
D:7:      kennysheep_six_static_rooms, tgw_trog, uniq_prince_ribbit1
D:8:      serial_shops, shop_fountains
D:9:      hangedman_cross_veins
Temple:   jpeg_temple_clearing

Skill      XL: |  1  2  3  4  5  6  7  8  9 10 |
---------------+-------------------------------+-----
Shields        | 4 5 6 8 9 |  9.4
Fighting       | 4 5 6 7 |  7.1
Maces & Flails | 3 4 5 6 8 9 |  9.6
Dodging        | 1 2 3 |  3.6
Armour         | 4 5 6 7 |  7.2
Stealth        | |  0.6

Action                   |  1- 3 |  4- 6 |  7- 9 | 10-12 || total
-------------------------+-------+-------+-------+-------++-------
Melee: Flail             |   109 |   262 |    53 |       ||   424
       Mace              |       |       |   287 |   206 ||   493
Invok: Heroism           |       |       |     1 |     1 ||     2
 Abil: Shaft Self        |       |     1 |       |       ||     1
  Use: Potion            |       |     2 |     3 |     1 ||     6
       Scroll            |       |     6 |       |       ||     6
  Eat: Bread ration      |       |     1 |       |       ||     1
       Meat ration       |       |     1 |     2 |     1 ||     4
       Chunk             |       |       |     6 |     6 ||    12
       Pizza             |       |       |       |     1 ||     1
Armor: Scale mail        |    45 |   120 |   113 |    55 ||   333
Dodge: Dodged            |    27 |   135 |   103 |    70 ||   335
Block: Shield            |    58 |   186 |   189 |   107 ||   540
